AoeStats
← DK_Odysseo

Arabia

508053852Analyzed
1v1 RM · 11d ago on Sep 20, 2026· 15m 20s· 2 players
Game mode
Random Map
Map size
Tiny (2 player)
Population
200
Speed
Normal
Resources
Standard
Victory
Conquest
Starting age
Dark Age
Ending age
Imperial Age
RankedLock teamsTeams togetherTeam positionsShared explorationLock speedFull tech treeHidden civsTurbo modeCheats
Victory
Defeat
🇪🇸 Wei · Spain
1863
+12
🇫🇷 Georgians · France
1767
-12
helicol
6:19 Loom
8:58 Feudal Age
9:35 Double-Bit Axe
11:38 Horse Collar
DK_Odysseo
6:20 Loom
6:42 Loom
9:21 Feudal Age
9:54 Double-Bit Axe
9:50 Horse Collar
11:38 Wheelbarrow
Connection lost

Rejoining the realm…

Still unreachable

The connection could not be restored.

Session expired

The server has moved on; the page needs a fresh start.